Map: 莱瑞拉克之冠

Players

shengy - Winner!

  • Race: Zerg Zerg
  • League: Gold

IreScath

  • Race: Protoss Protoss
  • League: Gold

VOD

Have the link to the VOD?

Description

Time

  • Played on: Dec. 17, 2015, 12:06 a.m.
  • Length: 18:33
Show
View Real Time Build Order
Export as new Build Order

shengy Zerg - Winner!

Build Orders: Hatch First, Lurkers 

Get SALT Encoding   

  12  0:01  Drone  
  13  0:08  Drone  
  14  0:17  Overlord  
  14  0:35  Drone  
  14  0:36  Drone x2  
  17  0:48  Drone  
  18  1:01  Drone  
  19  1:05  Hatchery  
  18  1:18  Spawning Pool  
  17  1:20  Drone  
  17  1:21  Drone  
  19  1:48  Drone  
  19  1:49  Drone  
  21  1:58  Hatchery  
  21  1:59  Drone  
  21  2:08  Queen  
  22  2:09  Extractor  
  22  2:16  Overlord  
  22  2:18  Queen  
  24  2:23  Drone  
  25  2:31  Drone x2  
  25  2:35  Zergling x2  
  25  2:36  Zergling x2  
  29  2:39  Drone  
  30  2:53  Drone  
  30  2:54  Overlord  
  30  2:55  Queen  
  30  2:58  Drone  
  34  3:00  Drone  
  35  3:11  Zergling x4  
  35  3:28  Queen  
  35  3:30  Drone  
  38  3:34  Extractor  
  38  3:35  Extractor, Drone x3  
  38  3:36  Drone  
  39  4:00  Drone  
  39  4:01  Drone x2  
  39  4:02  Overlord  
  42  4:06  Extractor  
  42  4:07  Extractor  
  40  4:13  Drone  
  40  4:14  Drone x4  
  45  4:18  Roach Warren  
  45  4:19  Drone x2  
  46  4:33  Lair  
  46  4:34  Drone  
  46  4:35  Drone x3  
  46  4:36  Drone x3  
  46  4:37  Drone x2  
  55  4:40  Drone x2  
  55  4:41  Overlord  
  55  4:42  Overlord  
  57  5:00  Hatchery  
  56  5:14  Overlord x2  
  56  5:19  Evolution Chamber  
  56  5:20  Evolution Chamber, Drone x5  
  56  5:21  Drone x4  
  61  5:23  Drone x4  
  61  5:26  Metabolic Boost  
  61  5:28  Overlord  
  67  5:44  Drone x5  
  67  5:46  Overlord x2  
  72  5:50  Glial Reconstitution  
  72  5:52  Zerg Missile Weapons Level 1, Zerg Ground Armor Level 1  
  72  5:59  Hydralisk Den  
  72  6:03  Extractor  
  70  6:08  Roach x6  
  70  6:09  Roach  
  84  6:20  Drone x4  
  84  6:25  Drone x2, Infestation Pit  
  89  6:27  Roach x5  
  89  6:28  Roach x2  
  103  6:44  Muscular Augments  
  103  6:47  Overlord  
  103  6:48  Overlord  
  103  6:49  Hatchery  
  103  6:53  Extractor  
  99  7:11  Drone x4  
  103  7:17  Hatchery, Extractor  
  103  7:18  Overseer  
  103  7:20  Extractor  
  100  7:31  Hive  
  100  7:40  Hydralisk  
  100  7:41  Hydralisk x7  
  100  7:42  Hydralisk x3  
  100  7:44  Overlord x3  
  122  8:00  Overlord x2  
  122  8:01  Overlord x2  
  122  8:07  Ravager x7  
  122  8:08  Ravager  
  122  8:10  Roach x4  
  122  8:11  Roach x2  
  142  8:23  Extractor  
  142  8:24  Hatchery  
  142  8:25  Roach x4  
  142  8:26  Roach x4  
  156  8:30  Extractor  
  149  8:45  Lurker Den  
  150  8:55  Drone x2  
  150  8:56  Drone  
  150  9:01  Overlord  
  152  9:05  Roach x4  
  152  9:06  Roach x8  
  152  9:07  Roach x3  
  182  9:15  Ultralisk Cavern  
  181  9:18  Adrenal Glands  
  167  9:46  Zerg Ground Armor Level 2, Zerg Missile Weapons Level 2  
  167  10:10  Chitinous Plating  
  167  10:12  Ultralisk x2  
  167  10:13  Ultralisk  
  185  10:29  Ultralisk x2  
  185  10:35  Zergling x2  
  198  10:36  Zergling x2  
  198  10:37  Overseer  
  199  10:51  Lurker  
  196  11:26  Tunneling Claws  
  196  11:28  Drone  
  196  11:29  Drone x3  
  173  12:11  Roach  
  173  12:13  Roach x10  
  173  12:14  Roach x6  
  189  12:33  Lurker x4  
  190  13:01  Ravager x6  
  190  13:02  Ravager x2  
  165  13:40  Ultralisk x2  
  165  13:41  Ultralisk x6  
  188  14:02  Zergling x16  
  187  14:03  Zergling x16  
  187  14:04  Zergling x8  
  199  14:16  Pathogen Glands  
  199  14:37  Drone x3  
  193  14:46  Extractor  
  193  14:49  Extractor  
  193  14:50  Hatchery  
  185  14:54  Overseer  
  185  14:58  Spire  
  179  15:08  Zerg Missile Weapons Level 3  
  179  15:09  Zerg Ground Armor Level 3  
  179  15:10  Queen x2  
  179  15:21  Queen  
  179  15:23  Spore Crawler  
  179  15:25  Spore Crawler  
  179  15:26  Spine Crawler  
  179  15:27  Spine Crawler x2  
  176  15:31  Infestor x5  
  176  15:32  Infestor x6  
  196  15:50  Zergling x6  
  171  16:16  Roach  
  171  16:17  Roach x6  
  171  16:18  Ultralisk x4, Roach x3  
  183  16:19  Roach x2, Ultralisk  
  198  16:32  Baneling Nest  
  195  16:49  Ravager  
  195  16:50  Ravager x3  
  199  17:25  Hatchery  
  199  17:26  Extractor  
  199  17:27  Ravager x2  
  199  17:29  Extractor  
  183  17:47  Zergling x10  
  183  17:48  Zergling x10  
Show
View Real Time Build Order
Export as new Build Order

IreScath Protoss 

Build Orders:  

Get SALT Encoding   

  12  0:01  Probe (Chrono Boost)  
  13  0:11  Probe (Chrono Boost)  
  14  0:21  Pylon  
  14  0:24  Probe (Chrono Boost)  
  15  0:39  Probe (Chrono Boost)  
  16  0:48  Gateway  
  16  0:50  Probe (Chrono Boost), Assimilator  
  17  1:00  Probe (Chrono Boost)  
  18  1:07  Pylon  
  18  1:11  Probe (Chrono Boost)  
  19  1:21  Probe (Chrono Boost)  
  20  1:35  Cybernetics Core  
  20  1:36  Zealot  
  22  1:40  Assimilator  
  22  1:41  Probe (Chrono Boost)  
  22  1:54  Probe (Chrono Boost)  
  23  2:00  Pylon  
  23  2:14  Warp Gate  
  23  2:15  Mothership Core (Chrono Boost)  
  25  2:18  Adept  
  27  2:33  Probe (Chrono Boost)  
  27  2:35  Nexus  
  28  2:44  Pylon  
  28  2:47  Probe (Chrono Boost)  
  29  2:57  Probe (Chrono Boost)  
  30  2:59  Stalker  
  32  3:08  Probe (Chrono Boost)  
  33  3:32  Probe (Chrono Boost)  
  34  3:42  Probe (Chrono Boost)  
  35  3:51  Probe (Chrono Boost)  
  35  3:53  Probe (Chrono Boost)  
  35  4:03  Probe (Chrono Boost)  
  36  4:10  Gateway  
  36  4:11  Pylon  
  36  4:12  Forge  
  36  4:13  Probe (Chrono Boost)  
  36  4:15  Gateway  
  37  4:17  Pylon  
  37  4:19  Twilight Council  
  37  4:20  Probe (Chrono Boost)  
  39  4:24  Probe (Chrono Boost)  
  39  4:31  Probe (Chrono Boost)  
  40  4:37  Pylon  
  40  4:41  Probe (Chrono Boost)  
  41  4:48  Stalker  
  41  4:51  Probe (Chrono Boost)  
  44  4:56  Probe (Chrono Boost)  
  44  4:58  Photon Cannon  
  45  5:02  Probe (Chrono Boost)  
  46  5:09  Probe (Chrono Boost)  
  46  5:12  Probe (Chrono Boost)  
  48  5:14  Gateway  
  48  5:16  Gateway  
  48  5:18  Gateway  
  48  5:20  Probe (Chrono Boost)  
  48  5:21  Zealot  
  51  5:23  Probe (Chrono Boost)  
  51  5:26  Blink  
  52  5:30  Protoss Ground Weapons Level 1 (Chrono Boost), Probe (Chrono Boost)  
  52  5:33  Probe (Chrono Boost), Assimilator  
  54  5:44  Assimilator, Stalker x2  
  58  5:50  Pylon  
  58  6:04  Stalker  
  60  6:09  Probe (Chrono Boost)  
  60  6:11  Robotics Facility, Probe (Chrono Boost)  
  62  6:12  Stalker  
  62  6:15  Stalker x2  
  68  6:19  Probe  
  69  6:27  Probe  
  69  6:30  Pylon, Probe  
  69  6:32  Photon Cannon  
  71  6:43  Stalker  
  71  6:44  Stalker x4  
  81  6:56  Probe  
  81  6:58  Probe  
  83  7:01  Nexus  
  83  7:06  Probe  
  83  7:07  Pylon  
  84  7:10  Probe  
  84  7:11  Stalker  
  87  7:20  Stalker x2  
  87  7:22  Probe  
  91  7:24  Probe  
  91  7:27  Warp Prism (Chrono Boost)  
  93  7:32  Stalker  
  93  7:35  Protoss Ground Weapons Level 2 (Chrono Boost)  
  97  7:41  Stalker  
  97  7:43  Probe  
  101  7:44  Probe  
  101  8:01  Assimilator  
  101  8:08  Assimilator  
  101  8:11  Pylon  
  101  8:15  Stalker  
  101  8:16  Stalker x4  
  101  8:17  Stalker  
  111  8:45  Stalker x5  
  111  8:46  Stalker  
  123  8:52  Probe x3, Robotics Bay  
  126  9:01  Photon Cannon  
  126  9:04  Probe x2 (Chrono Boost)  
  128  9:10  Observer  
  128  9:12  Gateway  
  128  9:13  Gateway  
  129  9:20  Stalker x2  
  131  9:45  Stalker x3  
  127  9:46  Stalker x2  
  133  10:00  Protoss Ground Weapons Level 3 (Chrono Boost)  
  133  10:06  Pylon  
  133  10:08  Pylon  
  133  10:10  Pylon  
  133  10:11  Pylon  
  133  10:13  Pylon  
  133  10:23  Disruptor  
  133  10:24  Probe x3 (Chrono Boost)  
  133  10:25  Pylon  
  133  10:28  Pylon  
  139  10:30  Pylon  
  139  10:34  Probe x2 (Chrono Boost)  
  141  10:45  Robotics Facility  
  141  10:48  Templar Archives  
  141  10:50  Stalker x2  
  141  10:51  Pylon, Stalker x6  
  159  11:24  Observer (Chrono Boost)  
  157  11:32  Photon Cannon  
  157  11:34  Photon Cannon  
  157  11:36  Photon Cannon, Observer  
  157  11:38  Stalker x2  
  157  11:39  Stalker x4  
  170  11:43  Disruptor  
  173  11:57  Disruptor  
  166  12:19  Observer  
  155  12:33  Stalker x6  
  155  12:34  Stalker x2  
  171  12:40  Disruptor  
  174  12:47  Probe  
  174  12:48  Protoss Ground Armor Level 1 (Chrono Boost)  
  174  12:49  Probe  
  176  12:51  Pylon  
  176  12:54  Photon Cannon  
  176  12:55  Photon Cannon  
  176  13:06  Disruptor  
  179  13:23  Pylon  
  156  13:27  Assimilator  
  156  13:30  Disruptor  
  156  13:32  Assimilator  
  159  13:35  Pylon  
  144  13:54  Nexus  
  144  13:59  Stalker x5  
  144  14:00  Stalker x3  
  155  14:06  Disruptor x2  
  161  14:12  Probe x2  
  161  14:13  Pylon  
  161  14:14  Probe  
  161  14:15  Pylon  
  164  14:17  Photon Cannon  
  164  14:20  Photon Cannon  
  164  14:27  Adept x3  
  164  14:28  Adept  
  164  14:31  Adept  
  174  14:41  Disruptor  
  164  15:00  Zealot x4  
  164  15:01  Zealot x2  
  164  15:05  Stalker  
  176  15:09  Probe  
  176  15:10  Probe  
  174  15:21  Probe x3  
  172  15:23  Probe  
  176  15:38  Probe x2  
  176  15:40  Probe  
  176  15:41  Disruptor  
  182  15:45  Probe  
  182  15:48  Probe  
  182  15:49  Probe  
  124  16:19  Stalker  
  124  16:20  Stalker x3  
  124  16:21  Stalker x2  
  132  16:31  Stalker x2  
  136  16:34  Immortal x2 (Chrono Boost)  
  144  16:47  High Templar x2  
  144  16:48  High Templar x3  
  144  16:49  High Templar  
  144  16:52  Archon  
  144  16:53  Archon x2  
  156  16:55  High Templar x2  
  156  16:59  Archon  
  160  17:06  Probe x3  
  163  17:27  Adept x2  
  163  17:28  Adept x3  
  173  17:30  Nexus  
  173  17:33  Pylon  
  173  17:35  Pylon  
  173  17:38  Assimilator  
  173  17:43  Assimilator  
  120  18:00  Stalker x3  
  120  18:01  Stalker  
  120  18:03  Stalker  
  120  18:04  Stalker x3  
  95  18:20  Pylon  
  95  18:22  Pylon  
  95  18:23  Pylon  
  95  18:27  Stalker x2  
Tags
 
Add a new tag
Caveats
  • Supply blocks, unpowered buildings, or Contaminate may cause inaccurate times.
  • Supply counts are checked every 10 seconds.